 Dungeon Crawl Stone Soup version 0.31-a0-431-g88bdf31460 (webtiles) character file.

Game seed: 10242769879568415753

373 randomguy2701 the Chopper (level 6, -5/54 (55) HPs)
             Began as a Minotaur Fighter on July 31, 2023.
             Killed from afar by Dowan (15 damage)
             ... with a shard of ice
             ... on level 4 of the Dungeon.
             The game lasted 00:04:01 (2583 turns).

randomguy2701 the Chopper (Minotaur Fighter)        Turns: 2583, Time: 00:04:02

HP:   -5/54 (55)    AC: 14    Str: 24    XL:     6   Next: 43%
MP:   5/5           EV:  8    Int:  5    God:
Gold: 112           SH:  5    Dex: 11    Spells: 5/5 levels left

rFire   + . .        j - +0 hand axe (freeze)
rCold   . . .        c - +0 buckler
rNeg    + . .        p - +1 chain mail of Wezxim {rF+ Str+3 Stlth+}
rPois   .            (helmet restricted)
rElec   .            (no cloak)
rCorr   .            w - +2 pair of gloves
SInv    .            (no boots)
Will    .....        (no amulet) Stlth
                     s - ring of positive energy
HPRegen 0.29/turn    (no ring)
MPRegen 0.09/turn

%: no passive effects
@: mighty, slowed, lightly drained, very slow
A: horns 2, retaliatory headbutt
a: no special abilities


You were on level 4 of the Dungeon.
You visited 1 branch of the dungeon, and saw 4 of its levels.

You collected 112 gold pieces.

Inventory:

Hand Weapons
 a - a +0 war axe
 j - a +0 hand axe of freezing (weapon)
Missiles
 u - a throwing net
Armour
 c - a +0 buckler (worn)
 p - the +1 chain mail of Wezxim (worn) {rF+ Str+3 Stlth+}
   (You found it on level 2 of the Dungeon)

   Str:       It affects your strength (+3).
   rF:        It protects you from fire.
   Stlth:     It makes you more stealthy.
 w - a +2 pair of gloves (worn)
Jewellery
 s - a ring of positive energy (left hand)
Wands
 y - a wand of roots (14)
Scrolls
 b - a scroll of enchant armour {unknown}
 f - a scroll of identify {unknown}
 g - a scroll of poison {unknown}
 i - a scroll of vulnerability {unknown}
 l - a scroll of blinking {unknown}
 n - a scroll of brand weapon {unknown}
 r - a scroll of enchant weapon {unknown}
 t - a scroll of torment {unknown}
 v - a scroll of immolation {unknown}
 x - a scroll of fog {unknown}
 z - a scroll of revelation {unknown}
 A - a scroll of amnesia {unknown}
Potions
 d - 2 potions of might
 e - 4 potions of curing {unknown}
 h - a potion of haste {unknown}
 k - 2 potions of magic {unknown}
 m - 2 potions of heal wounds {unknown}
 o - 3 potions of brilliance {unknown}
 q - 2 potions of lignification {unknown}


   Skills:
 + Level 4.9 Fighting
 + Level 5.9 Axes
 + Level 5.1 Armour
 + Level 0.9 Dodging
 + Level 0.2 Stealth
 + Level 4.4 Shields


You had 5 spell levels left.
You didn't know any spells.
Your spell library was empty.

Dungeon Overview and Level Annotations

Branches:
Dungeon (4/15)             Temple (0/1) D:4

Altars:

Shops:
D:2 (

Annotations:
D:4 Dowan


Innate Abilities, Weirdness & Mutations

You have a pair of horns on your head.
You reflexively headbutt those who attack you in melee.


Message History

Duvessa hits you with a +2 short sword of draining.
* * * LOW HITPOINT WARNING * * *
You partially resist.
You feel drained.
* * * LOW HITPOINT WARNING * * *
Natasha claws you but does no damage.
Duvessa hits you with a +2 short sword of draining.
* * * LOW HITPOINT WARNING * * *
You partially resist.
You feel drained.
Dowan casts a spell.
Dowan blinks!
You hit Duvessa but do no damage.
Duvessa is almost dead.
You hit Natasha. You freeze Natasha. Duvessa barely misses you.
You furiously retaliate!
You headbutt Duvessa!
You kill Duvessa!
Dowan seems overcome with grief.
Dowan seems to find hidden reserves of power!
Natasha claws you but does no damage.
Your Armour skill increases to level 5!
You have reached level 6!
Natasha mumbles some strange words.
Dowan mumbles some strange words.
Dowan blinks!
You see here a giant cockroach corpse.
You closely miss Natasha. Your headbutt misses Natasha.
Natasha is heavily wounded.
Natasha casts a spell at you.
You feel yourself slow down.
Unknown command.
You barely miss Natasha. You headbutt Natasha!
You kill Natasha!
Natasha yowls pathetically as she dies!
The cerulean imp disappears in a puff of smoke!
Dowan says, "How can I live without her?"
You feel very mighty all of a sudden.
Dowan mumbles some strange words.
Dowan blinks!
Dowan gestures at you while chanting. The shard of ice hits you!
You die...

.......##.#.......## #.#
.......##.#........## #.#
.......##.#.........# #.#
######.##.#.......#.#####.#######
.......##........................
#######################..########
............^ ........>#
#####.####################
................@....#
..##.........#######e#
..###.######.# #.# ..###.#....#.#
#'# #...#.#....#.# #..).......#
###...+....'.# +..........#
..###......### #..........#
......#....# #.e........#
>..##......# #...ยง......#


You could see Dowan (fast).

Vanquished Creatures
  Duvessa (D:4)
  An ogre (D:4)
  Natasha (D:4)
  Robin (D:2)
  3 adders
  An ufetubus (D:4)
  2 worms
  4 dart slugs
  4 orcs (D:4)
  6 bats
  6 endoplasms
  3 giant cockroaches
  5 hobgoblins
  6 jackals
  6 quokkas
  5 ball pythons
  6 frilled lizards
  24 goblins
  9 kobolds
  7 rats
101 creatures vanquished.

Notes
Turn   | Place    | Note
-------+----------+-------------------------------------------
     0 | D:1      | randomguy2701 the Minotaur Fighter began the quest for the
                  | Orb.
     0 | D:1      | Reached XP level 1. HP: 19/19 MP: 0/0
   151 | D:1      | Reached XP level 2. HP: 21/27 MP: 1/1
   483 | D:1      | Found a faded altar of an unknown god.
   491 | D:1      | Reached XP level 3. HP: 33/33 MP: 2/2
   762 | D:2      | Identified the +1 chain mail of Wezxim {rF+ Str+3 Stlth+}
  1064 | D:2      | You fall into a shaft and drop 2 floors!
  1076 | D:4      | Reached XP level 4. HP: 33/40 MP: 3/3
  1363 | D:2      | Found Roeqaeza's Antique Weapon Shoppe.
  1482 | D:2      | Noticed Robin
  1507 | D:2      | Killed Robin
  1631 | D:2      | Reached XP level 5. HP: 47/47 MP: 4/4
  2202 | D:4      | Noticed an ogre
  2208 | D:4      | Killed an ogre
  2209 | D:4      | Reached skill level 5 in Axes
  2528 | D:4      | Found a staircase to the Ecumenical Temple.
  2562 | D:4      | Noticed Dowan
  2562 | D:4      | Noticed Duvessa
  2562 | D:4      | Noticed Natasha
  2574 | D:4      | Killed Duvessa
  2575 | D:4      | Reached skill level 5 in Armour
  2575 | D:4      | Reached XP level 6. HP: 6/53 MP: 5/5
  2579 | D:4      | Killed Natasha
  2583 | D:4      | Killed from afar by Dowan

Illustrated notes

Levels and vault maps discovered:
D:1:      scummos_arrival_gate, layout_loops_ring,
          chequers_ecumenical_altar_grove, minmay_small_reverse_x
D:2:      kennysheep_the_goblin_king, layout_loops_cross, serial_shops, shop,
          corexii_item_surrounded_by_moat, grunt_ministairs_2, uniq_robin
D:3:      layout_rooms
D:4:      layout_basic, minmay_temple_entry_slanted, uniq_natasha, uniq_duvessa,
          uniq_grinder

Skill      XL: |  1  2  3  4  5 |
---------------+----------------+-----
Shields        | 4 |  4.4
Fighting       | 4 |  4.9
Armour         | 4 5 |  5.1
Axes           | 3 4 5 |  5.9
Dodging        | |  0.9
Stealth        | |  0.2

Action                     |  1- 3 |  4- 6 || total
---------------------------+-------+-------++-------
  Melee: War axe           |   106 |     8 ||   114
         Headbutt          |     9 |    21 ||    30
         Hand axe          |       |   104 ||   104
    Use: Potion            |       |     1 ||     1
 Armour: Scale mail        |    57 |    21 ||    78
         Chain mail        |       |    17 ||    17
  Dodge: Dodged            |    50 |    39 ||    89
  Block: Buckler           |    22 |    25 ||    47

Table legend: (Time is in decaauts)
 A = Elapsed time spent in this place.
 B = Non-inter-level travel time spent in this place.
 C = Inter-level travel time spent in this place.
 D = Time resting spent in this place.
 E = Time spent auto-exploring this place.
 F = Levels seen in this place.
 G = Mean time per level.
                   A        B        C        D        E       F      G
               +--------+--------+--------+--------+--------+-----+--------+
         Total |   2636 |   2483 |    153 |      0 |   1924 |   4 |  659.0 |
       Dungeon |   2636 |   2483 |    153 |      0 |   1924 |   4 |  659.0 |
               +--------+--------+--------+--------+--------+-----+--------+

Top non-repeatable levels by time:
     D:2: 872 daAuts
     D:1: 780 daAuts
     D:4: 625 daAuts
     D:3: 358 daAuts
